 Dungeon Crawl Stone Soup version 0.20.1-1-g8b1a95d (webtiles) character file.

21 renl the Ruffian (level 2, 0/23 HPs)
             Began as a Draconian Transmuter on July 16, 2017.
             Slain by a hobgoblin
             ... wielding a +0 club
              (4 damage)
             ... on level 2 of the Dungeon.
             The game lasted 00:05:59 (755 turns).

renl the Ruffian (Draconian Transmuter)              Turns: 755, Time: 00:06:00

Health: 0/23       AC:  5    Str: 12    XL:     2   Next: 62%
Magic:  4/5        EV: 12    Int: 13    God:
Gold:   81         SH:  0    Dex: 11    Spells: 2/5 levels left

rFire    . . .     SeeInvis +     - Unarmed
rCold    + . .     Gourm    .   (no shield)
rNeg     . . .     Faith    .   (armour unavailable)
rPois    .         Spirit   .   (helmet restricted)
rElec    .         Reflect  .   (no cloak)
rCorr    .         Harm     .   m - +0 pair of gloves
MR       .....                  (boots currently unavailable)
Stlth    +.........             (no amulet)
Regen    0.1/turn               e - ring of see invisible
MPRegen  0.1/turn               f - ring of protection from cold

@: appendage (expiring)
A: unfitting armour, talons 3, cold-blooded, AC +4
a: End Transformation


You were on level 2 of the Dungeon.
You were not hungry.
You had grown temporary talons.
You visited 1 branch of the dungeon, and saw 2 of its levels.

You collected 81 gold pieces.

Inventory:

Missiles
 a - 26 arrows
Armour
 m - a +0 pair of gloves (worn)
Jewellery
 e - a ring of see invisible (left hand)
 f - a ring of protection from cold (right hand)
Scrolls
 d - a scroll of recharging {unknown}
 g - a scroll of magic mapping {unknown}
 i - 3 scrolls of identify {unknown}
 j - 2 scrolls of random uselessness {unknown}
 l - a scroll of teleportation {unknown}
Potions
 h - a potion of mutation {unknown}
 k - a potion of invisibility {unknown}
 o - a potion of berserk rage {unknown}
Books
 b - a book of Changes

   Spells                             Type                      Level
   a - Beastly Appendage              Transmutation                1
   b - Sticks to Snakes               Transmutation                2
   c - Spider Form                    Transmutation/Poison         3
   d - Ice Form                       Ice/Transmutation            4
   e - Blade Hands                    Transmutation                5
Comestibles
 c - 2 bread rations
 n - a chunk of flesh


   Skills:
 + Level 1.1 Fighting
 - Level 1.7 Dodging
 * Level 3.9 Unarmed Combat
 - Level 2.0 Spellcasting
 + Level 2.0 Transmutations


You had 2 spell levels left.
You knew the following spells:

 Your Spells              Type           Power        Failure   Level  Hunger
a - Beastly Appendage     Tmut           #.....       11%         1    ##.....
b - Sticks to Snakes      Tmut           #.......     17%         2    ###....


Dungeon Overview and Level Annotations

Branches:
Dungeon (2/15)

Altars:


Innate Abilities, Weirdness & Mutations

Your plain brown scales are hard. (AC +4)
You cannot fit into any form of body armour.
You are cold-blooded and may be slowed by cold attacks.
You have claws for feet.


Message History

Confirm with . or Enter, or press ? or * to list all spells.
Your feet morph into talons.
The hobgoblin barely misses you.
You barely miss the hobgoblin. Your kick misses the hobgoblin.
You closely miss the hobgoblin.
Your transformation is almost over.
The hobgoblin closely misses you.
You barely miss the hobgoblin.
Your tail-slap misses the hobgoblin.
The hobgoblin hits you with a club.
You closely miss the hobgoblin. You tail-slap the hobgoblin.
The hobgoblin is moderately wounded.
The hobgoblin hits you with a club.
* * * LOW HITPOINT WARNING * * *
A frilled lizard comes into view.
The frilled lizard hisses angrily.
You hit the hobgoblin.
You claw the hobgoblin, but do no damage.
The hobgoblin is almost dead.
The hobgoblin hits you with a club.
You die...

##+#....###.....................
........###.....................
.........................#......
.........................#......
...............................
........................... ..
...^....................
.#+#.......#...........[
.#.).......#.###@g.####
....#......#.# #........
....#......#+# ####.....
....#........ ....
....#......... l.. ...
#.......... .. ........... .


You could see a hobgoblin and a frilled lizard.

Vanquished Creatures
  3 bats
  5 goblins (D:1)
  3 hobgoblins (D:1)
  2 jackals (D:1)
  2 frilled lizards (D:1)
  3 kobolds
  A rat (D:1)
19 creatures vanquished.

Notes
Turn   | Place    | Note
-------+----------+-------------------------------------------
     0 | D:1      | renl the Draconian Transmuter began the quest for the Orb.
     0 | D:1      | Reached XP level 1. HP: 16/16 MP: 3/3
   217 | D:1      | Reached XP level 2. HP: 9/23 MP: 3/5
   234 | D:1      | Learned a level 2 spell: Sticks to Snakes
   755 | D:2      | Slain by a hobgoblin

Action                   || total
-------------------------++-------
Melee: Unarmed           ||    76
       Tailslap          ||     4
       Headbutt          ||     2
       Kick              ||     1
 Cast: Beastly Appendage ||     4
Armor: Skin              ||    24
Dodge: Dodged            ||    51
